 Dungeon Crawl Stone Soup version 0.19-a0-683-g5f2401d (webtiles) character file.

57 Leszczynek the Cudgeler (level 4, 0/44 HPs)
             Began as an Ogre Summoner on June 17, 2016.
             Was an Initiate of the Shining One.
             Slain by Jessica (5 damage)
             ... on level 2 of the Dungeon.
             The game lasted 00:04:10 (1345 turns).

Leszczynek the Cudgeler (Ogre Summoner)             Turns: 1345, Time: 00:04:10

Health: 0/44       AC:  3    Str: 14    XL:     4   Next: 0%
Magic:  7/7        EV: 10    Int: 14    God:    the Shining One [......]
Gold:   33         SH:  0    Dex: 10    Spells: 2 memorised, 4 levels left

rFire  . . .     SeeInvis .     j - +0 mace
rCold  . . .     Gourm    .     a - +0 robe
rNeg   . . .     Faith    .     (no shield)
rPois  .         Spirit   .     (helmet restricted)
rElec  .         Dismiss  .     (no cloak)
rCorr  .         Reflect  .     (gloves unavailable)
SustAt .         Harm     .     (boots unavailable)
MR     .....                    (no amulet)
Stlth  +.........               (no ring)
                                (no ring)

@: glowing, not resistant to hostile enchantments, very unstealthy
A: unfitting armour, tough skin 1
a: Renounce Religion


You were on level 2 of the Dungeon.
You worshipped the Shining One.
The Shining One was noncommittal.
You were not hungry.

You visited 1 branch of the dungeon, and saw 2 of its levels.

You collected 33 gold pieces.

Inventory:

Hand Weapons
 e - a +0 short sword
 j - a +0 mace (weapon)
Missiles
 h - 2 throwing nets (quivered)
 p - 5 needles of paralysis
 q - 36 sling bullets
Armour
 a - a +0 robe (worn)
Scrolls
 d - a scroll of teleportation {unknown}
 o - a scroll of amnesia {unknown}
 r - a scroll of identify {unknown}
Potions
 f - 2 potions of curing {unknown}
 g - a potion of cancellation {unknown}
 i - a potion of mutation {unknown}
 l - a potion of brilliance {unknown}
 n - a potion of flight {unknown}
 s - a potion of degeneration {unknown}
Books
 b - a book of Callings

   Spells                             Type                      Level
   a - Summon Small Mammal            Summoning                    1
   b - Call Imp                       Summoning                    2
   c - Call Canine Familiar           Summoning                    3
   d - Summon Guardian Golem          Hexes/Summoning              3
   e - Summon Lightning Spire         Summoning/Air                4
   f - Summon Ice Beast               Ice/Summoning                4
Comestibles
 c - 2 bread rations
 m - a beef jerky


   Skills:
 - Level 2.6 Fighting
 * Level 3.5 Maces & Flails
 - Level 1.7 Dodging
 - Level 1.5 Stealth
 - Level 2.4 Spellcasting
 - Level 2.9 Summonings


You had 4 spell levels left.
You knew the following spells:

 Your Spells              Type           Power        Failure   Level  Hunger
a - Summon Small Mammal   Summ           ##..         10%         1    #......
b - Call Imp              Summ           ##......     12%         2    ###....


Dungeon Overview and Level Annotations

Branches:
Dungeon (2/15)

Altars:
Cheibriados
Uskayaw
Xom
The Shining One

Annotations:
D:2 Jessica


Innate Abilities, Weirdness & Mutations

You are too large for most types of armour.
You have tough skin. (AC +1)


Message History

Jessica says, "Why did you come here?" Jessica closely misses you.
Jessica gestures at you while chanting. Pain shoots through your body!
* * * LOW HITPOINT WARNING * * *
Okay, then.
You barely miss Jessica.
Jessica is almost dead.
Jessica points at you and mumbles some strange words.
Pain shoots through your body!
* * * LOW HITPOINT WARNING * * *
Jessica closely misses you.
Unknown command.
You closely miss Jessica.
Jessica is almost dead.
Jessica barely misses you. Jessica hits you but does no damage.
You barely miss Jessica.
Jessica is almost dead.
Jessica misses you. Jessica hits you.
You die...

#..+ #+...##.## #.#
##..##.## #8
#8....##
############......
#8#.._#_..#8#.....
#.##..#..##.#.....
##..'#.#.#'..#...##
#..@.#####.........
#.@...8#8..........
#.###..............
#.# #.###...#.....#
#.# #.# #..........
#.# #.# #.#.#.#.#..
#%# #.# #.#.#.#.#..
#.# #.. ...........
#.# #####.###.###..
#.. ..# #.. ...


You could see Jessica.

Vanquished Creatures
  5 dart slugs
  A ball python (D:2)
  6 bats
  3 goblins (D:1)
  3 hobgoblins (D:1)
  3 giant newts
  5 kobolds (D:1)
  2 rats
28 creatures vanquished.

Vanquished Creatures (collateral kills)
  An adder (D:2)
  2 worms (D:2)
  A goblin (D:1)
  4 hobgoblins (D:1)
  A bat (D:1)
  A kobold (D:1)
10 creatures vanquished.

Grand Total: 38 creatures vanquished

Notes
Turn   | Place    | Note
--------------------------------------------------------------
     0 | D:1      | Leszczynek the Ogre Summoner began the quest for the Orb.
     0 | D:1      | Reached XP level 1. HP: 16/16 MP: 3/3
    78 | D:1      | Reached skill level 1 in Fighting
   155 | D:1      | Reached skill level 2 in Fighting
   155 | D:1      | Reached XP level 2. HP: 23/28 MP: 3/5
   205 | D:1      | Learned a level 2 spell: Call Imp
   385 | D:1      | Reached skill level 1 in Maces & Flails
   479 | D:1      | Found a glowing golden altar of the Shining One.
   486 | D:1      | Became a worshipper of the Shining One
   570 | D:1      | Reached XP level 3. HP: 30/36 MP: 6/6
   582 | D:1      | Reached skill level 2 in Maces & Flails
   826 | D:2      | Found a snail-covered altar of Cheibriados.
   933 | D:2      | Reached skill level 3 in Maces & Flails
  1102 | D:2      | Reached XP level 4. HP: 15/44 MP: 4/7
  1316 | D:2      | Found a shimmering altar of Xom.
  1328 | D:2      | Found a hide-covered altar of Uskayaw.
  1333 | D:2      | Noticed Jessica
  1345 | D:2      | Slain by Jessica

Vault maps used:
D:1:      lightli_arrival_maybe_door_vault, tso_altar
D:2:      kennysheep_big_flooded_room, kennysheep_slug_shrine,
          nicolae_overflow_quartered_altars, uniq_jessica

Skill      XL: |  1  2  3 |
---------------+----------+-----
Fighting       | 2 |  2.6
Maces & Flails | 1 3 |  3.5
Dodging        | |  1.7
Stealth        | |  1.5
Spellcasting   | |  2.4
Summonings     | |  2.9

Action                   |  1- 3 |  4- 6 || total
-------------------------+-------+-------++-------
Melee: Short sword       |    53 |       ||    53
       Unarmed           |     4 |       ||     4
       Mace              |    46 |    10 ||    56
 Cast: Summon Small Mamm |    21 |       ||    21
       Call Imp          |     2 |       ||     2
  Eat: Chunk             |     1 |     1 ||     2
Armor: Robe              |    46 |     3 ||    49
Dodge: Dodged            |    71 |     8 ||    79
